 Dungeon Crawl Stone Soup version 0.14-a0-181-gf6fe0c6 (webtiles) character file.

183 Deemzul the Insei (level 4, -1/29 HPs)
             Began as an Octopode Transmuter on Oct 6, 2013.
             Killed from afar by Sigmund (10 damage)
             ... with a wand of flame
             ... on Level 2 of the Dungeon.
             The game lasted 00:04:32 (1373 turns).

Deemzul the Insei (Octopode Transmuter)             Turns: 1373, Time: 00:04:32

HP  -1/29        AC  1     Str 10      XL: 4   Next: 31%
MP   6/6         EV 12     Int 15      God:
Gold 108         SH  0     Dex 12      Spells:  1 memorised,  6 levels left

Res.Fire  : . . .   See Invis. : .     - Unarmed
Res.Cold  : . . .   Warding    : .   (no shield)
Life Prot.: . . .   Conserve   : .   (helmet restricted)
Res.Poison: .       Res.Corr.  : .   (no amulet)
Res.Elec. : .       Clarity    : .   i - ring of protection from magic {unknown}
Sust.Abil.: . .     Spirit.Shd : .   (no ring)
Res.Mut.  : .       Stasis     : .   (no ring)
Res.Rott. : .       Flight     : .   (no ring)
Saprovore : . . .                    (no ring)
                                     (no ring)
                                     (no ring)
                                     (no ring)

@: appendage (expiring), confused, somewhat resistant to hostile enchantments,
unstealthy
A: almost no armour, amphibious, 8 rings, constrict 8, spike 3, camouflage 1, AC
+1
a: End Transformation


You were on level 2 of the Dungeon.
You were hungry.
One of your tentacles had a temporary spike.
You visited 1 branch of the dungeon, and saw 2 of its levels.

You collected 88 gold pieces.

Inventory:

Missiles
 b - 12 arrows
Comestibles
 a - a bread ration
 n - a pear
 s - a choko
 t - a rotting chunk of bat flesh
Scrolls
 e - 3 scrolls of curse armour {unknown}
 h - 3 scrolls of teleportation {unknown}
 j - a scroll of recharging {unknown}
 k - a scroll of identify {unknown}
 l - a scroll of curse weapon {unknown}
 r - a scroll of noise {unknown}
Jewellery
 i - a ring of protection from magic (left tentacle) {unknown}
Potions
 c - 2 potions of curing {unknown}
 f - a potion of resistance {unknown}
 g - a potion of magic {unknown}
 m - a potion of invisibility {unknown}
 p - a potion of restore abilities {unknown}
 q - a potion of brilliance {unknown}
Books
 d - a book of Changes

   Spells                             Type                      Level
   *Beastly Appendage                 Transmutation                1
   Sticks to Snakes                   Transmutation                2
   Spider Form                        Transmutation/Poison         3
   Ice Form                           Ice/Transmutation            4
   Blade Hands                        Transmutation                5


   Skills:
 + Level 2.0 Fighting
 + Level 2.5 Dodging
 * Level 4.3 Unarmed Combat
 - Level 2.0 Spellcasting
 - Level 2.0 Transmutations


You had 6 spell levels left.
You knew the following spells:

 Your Spells              Type           Power        Failure   Level  Hunger
a - Beastly Appendage     Trmt           #.....       12%         1    #......


Dungeon Overview and Level Annotations

Branches:
Dungeon (2/27)

Altars:

Annotations:
D:2 Sigmund


Innate Abilities, Weirdness & Mutations

You cannot wear most types of armour.
You are amphibious.
You can wear up to eight rings at the same time.
You can use your tentacles to constrict many enemies at once.
Your skin changes colour to match your surroundings (Stlth).
Your rubbery body absorbs attacks (AC +1).
One of your tentacles bears a large vicious spike.


Message History

Sigmund is lightly wounded.
Sigmund zaps a wand.
The puff of flame hits you!
You hit Sigmund but do no damage. You grab Sigmund.
Sigmund is lightly wounded.
Your transformation is almost over.
You constrict Sigmund, but do no damage.
Sigmund points at you and mumbles some strange words.
You are confused.
You release your grip on Sigmund.
Sigmund zaps a wand.
The puff of flame misses you.
Found a stone staircase leading down.
You are too confused!
You hit Sigmund.
Your tentacle spike misses Sigmund.
You squeeze Sigmund!
Sigmund is severely wounded.
Sigmund hits you with a scythe!
You swing at nothing.
You hit Sigmund.
Sigmund is severely wounded.
Sigmund zaps a wand.
The puff of flame hits you!
You die...

. . # #####+###
.........#
........@#####
........@'.#.#
###
........#.#.#
### ...
>.......#.#.#...
###
........#.#.#.#
##'#####.....#.#
# #. ###.###.#.#
#...#...#
###....#


You could see Sigmund.

Vanquished Creatures
  A gnoll (D:1)
  3 adders (D:2)
  An ooze (D:2)
  3 hobgoblins (D:1)
  5 jackals
  4 kobolds (D:1)
  7 bats
  3 giant cockroaches (D:2)
  2 giant newts (D:1)
  6 goblins
  5 rats
40 creatures vanquished.

Notes
Turn   | Place    | Note
--------------------------------------------------------------
     0 | D:1      | Deemzul, the Octopode Transmuter, began the quest for the Orb.
     0 | D:1      | Reached XP level 1. HP: 13/13 MP: 1/1
   277 | D:1      | Reached XP level 2. HP: 12/18 MP: 0/3
   623 | D:1      | Reached XP level 3. HP: 16/23 MP: 2/4
   953 | D:2      | Reached skill level 4 in Unarmed Combat
  1015 | D:2      | Reached XP level 4. HP: 18/28 MP: 4/6
  1068 | D:2      | Noticed Sigmund
  1373 | D:2      | Killed from afar by Sigmund

Action                   |  1- 3 |  4- 6 || total
-------------------------+-------+-------++-------
Melee: Unarmed           |    74 |    26 ||   100
 Cast: Beastly Appendage |    13 |     5 ||    18
 Stab: Sleeping          |     2 |     2 ||     4
